 Dungeon Crawl Stone Soup version 0.15.0-31-geb66e34 (webtiles) character file.

364555 Gorice the Eclecticist (level 21, -4/153 HPs)
             Began as a Demonspawn Wanderer on Sept 6, 2014.
             Was the Champion of Sif Muna.
             Killed by the air
             ... invoked by a titan
              (17 damage)
             ... on Level 5 of the Vaults on Sept 13, 2014.
             The game lasted 18:05:38 (69946 turns).

Gorice the Eclecticist (Demonspawn Wanderer)       Turns: 69946, Time: 18:05:38

HP  -4/153       AC 29     Str 15      XL: 21   Next: 56%
MP  13/41        EV 17     Int 23      God: Sif Muna [******]
Gold 1444        SH  7     Dex 15      Spells: 16 memorised,  3 levels left

rFire  + . .     SeeInvis +     i - +7 mace "Grovimax" {venom, Str+1 Dex+3 SInv}
rCold  + + .     Clarity  .     M - +2 ring mail "Luxtiubb" {rElec rPois rN+}
rNeg   + . .     rCorr    .     c - +2 buckler {AC+3}
rPois  +         rRot     .     h - +2 hat "Fra Klim" {rC++}
rElec  +         Spirit   .     I - +2 cloak {MR+}
SustAb .         Warding  .     (gloves unavailable)
rMut   .         Stasis   .     e - +2 pair of boots {Stlth+}
Gourm  +                        N - amulet of the gourmand
MR     ++...                    d - +5 ring of slaying
                                R - +6 ring of protection

@: very slightly contaminated, repel missiles, very resistant to hostile
enchantments, fairly stealthy
A: claws 3, molten scales 3, demonic guardian 2, powered by death 3,
augmentation 1
a: Channel Energy, Forget Spell, Renounce Religion
}: 2/15 runes: barnacled, gossamer


You were on level 5 of the Vaults.
You worshipped Sif Muna.
Sif Muna was exalted by your worship.
You were full.

You visited 7 branches of the dungeon, and saw 43 of its levels.
You visited 1 bazaar.
You also visited: Labyrinth, Bailey and Ice Cave.

You collected 5058 gold pieces.
You spent 3614 gold pieces at shops.

Inventory:

Hand weapons
 a - the +9 cutlass "Zooguequ" {slice, rC+}
   (You bought it in a shop on level 4 of the Orcish Mines)

   It inflicts extra damage upon your enemies.
   It protects you from cold.
 b - a +0 blowgun
 i - the +7 mace "Grovimax" (weapon) {venom, Str+1 Dex+3 SInv}
   (You found it on level 3 of the Spider Nest)

   It poisons the flesh of those it strikes.
   It affects your strength (+1).
   It affects your dexterity (+3).
   It enhances your eyesight.
 k - a +1 battleaxe of electrocution
 p - a +0 vampiric battleaxe
 s - a +0 antimagic long sword
Missiles
 j - 14 steel javelins (quivered)
 B - 7 curare-tipped needles
Armour
 c - a +2 buckler of protection (worn)
 e - a +2 pair of boots of stealth (worn)
 h - the +2 hat "Fra Klim" (worn) {rC++}
   (You bought it in a shop in a bazaar)

   It greatly protects you from cold.
 w - a +1 buckler of positive energy
 G - a +2 robe of fire resistance
 I - a +2 cloak of magic resistance (worn)
 M - the +2 ring mail "Luxtiubb" (worn) {rElec rPois rN+}
   (You found it in a labyrinth)

   It insulates you from electricity.
   It protects you from poison.
   It protects you from negative energy.
Magical devices
 m - a wand of invisibility (5)
 o - a wand of teleportation (5)
 q - a wand of confusion (17)
 A - a wand of fire (8)
 U - a wand of digging (10)
 X - a wand of cold (4)
 Y - a wand of disintegration (17)
Comestibles
 f - 4 chunks of yaktaur flesh
 z - 17 fruits
 C - 3 rotting chunks of storm dragon flesh
 E - 18 meat rations
Scrolls
 J - 4 scrolls of teleportation
 K - 12 scrolls of remove curse
 V - 7 scrolls of fear
Jewellery
 d - a +5 ring of slaying (right claw)
 g - an uncursed amulet of resist mutation
 l - an uncursed ring of protection from magic
 u - an uncursed ring of positive energy
 v - the ring of Oxauh {Fire Stlth+, unknown}
   (You took it off a yaktaur captain on level 5 of the Vaults)

   [ring of fire]

   It enhances your fire magic, and weakens your ice magic.
   It protects you from fire.
   It makes you vulnerable to cold.
   It makes you more stealthy.
 D - an uncursed amulet of stasis
 N - an amulet of the gourmand (around neck)
 P - the ring of Wahypuyb {+Fly rElec}
   (You bought it in a shop on level 5 of the Shoals)

   [ring of flight]

   It insulates you from electricity.
   It lets you fly.
 R - a +6 ring of protection (left claw)
Potions
 n - 2 potions of resistance
 r - 4 potions of agility
 t - 10 potions of curing
 x - 6 potions of might
 F - a potion of haste
 O - 2 potions of magic
Magical staves
 S - an uncursed staff of summoning


   Skills:
 - Level 10.0 Fighting
 - Level 1.7 Staves
 + Level 4.6 Armour
 - Level 15.0 Dodging
 - Level 5.1 Stealth
 - Level 5.0 Shields
 - Level 17.1 Spellcasting
 + Level 16.2 Conjurations
 - Level 12.0 Charms
 - Level 6.0 Summonings
 - Level 5.1 Translocations
   Level 1.0 Transmutations
 - Level 13.0 Fire Magic
 - Level 7.0 Air Magic
 - Level 1.0 Earth Magic
 + Level 11.2 Invocations
 - Level 1.0 Evocations


You had 3 spell levels left.
You knew the following spells:

 Your Spells              Type           Power        Failure   Level  Hunger
a - Magic Dart            Conj           ####         0%          1    None
b - Mephitic Cloud        Conj/Pois/Air  ######..     1%          3    None
c - Call Imp              Summ           #####...     1%          2    None
d - Conjure Flame         Conj/Fire      ######..     1%          3    None
e - Stone Arrow           Conj/Erth      ######       1%          3    None
f - Sticky Flame          Conj/Fire      ######..     1%          4    None
g - Bolt of Fire          Conj/Fire      ######....   1%          6    ####...
h - Haste                 Chrm           ######..     4%          6    ####...
i - Orb of Destruction    Conj           #######...   3%          7    ######.
A - Apportation           Tloc           #####.....   1%          1    None
B - Summon Butterflies    Summ           #####...     1%          1    None
D - Abjuration            Summ           #####.....   1%          3    None
F - Flight                Chrm/Air       ######....   1%          3    None
J - Blink                 Tloc           N/A          1%          2    None
M - Repel Missiles        Chrm/Air       ######       1%          2    None
T - Control Teleport      Chrm/Tloc      ######....   1%          4    None


Dungeon Overview and Level Annotations

Branches:
Dungeon (15/15)            Temple (1/1) D:5             Orc (4/4) D:11
    Elf (0/3) Orc:4          Lair (8/8) D:10         Shoals (5/5) Lair:4
 Spider (5/5) Lair:5        Slime (0/6) Lair:8       Vaults (5/5) D:14
  Crypt (0/3) Vaults:2     Depths (0/5) D:15

Altars:
Ashenzari
Cheibriados
Dithmenos
Elyvilon
Fedhas
Kikubaaqudgha
Makhleb
Nemelex Xobeh
Okawaru
Qazlal
Sif Muna
Trog
Vehumet
Xom
Yredelemnul
Zin
The Shining One
Beogh
Jiyva
Lugonu

Shops:
D:5 *   D:11 :   Orc:2 [   Orc:3 !   Orc:4 :(:(   Shoals:5 =   Vaults:3 ?
Vaults:4 [*

Annotations:
D:4 Dowan
Lair:6 exclusion: oklob plant
Spider:1 Nikola


Innate Abilities, Weirdness & Mutations

You have claws for hands.
You are completely covered in molten scales (AC +4, EV -1, rF+).
A demonic guardian rushes to your aid.
You can steal the life force of all defeated enemies in sight.
Your magical and physical power is slightly enhanced at high health.


Message History

Your sixfirhy hits the great orb of eyes but does no damage.
Your sixfirhy hits the great orb of eyes.
Your sixfirhy shocks the great orb of eyes!
Your sixfirhy hits the great orb of eyes.
Your sixfirhy shocks the great orb of eyes!
The great orb of eyes pulsates ominously.
Your sixfirhy hits the great orb of eyes.
Your sixfirhy shocks the great orb of eyes!
Your sixfirhy hits the great orb of eyes.
Your sixfirhy shocks the great orb of eyes!
Your sixfirhy barely misses the great orb of eyes.
The great orb of eyes bites your sixfirhy!
The great orb of eyes gazes at your sixfirhy.
Your sixfirhy resists.
Drink which item? (? for menu, Esc to quit)
You feel better.
The great orb of eyes barely misses your sixfirhy.
The titan waves its arms in wide circles.
The air twists around and strikes you!
You die...

,,***,,,,p..........,,,,,,,,,,,,,
,,**,,***#......)#*#.*,*,*,*,*,*,
,**,,**,,*,.#....#..Q.,,,,,,,,,,,
**,,**,,,*,,#....#.#.**,**,,**,**
*,,**,,,**,,#...)#,,,**,**,,**,**
,,**,,***,,,#....#,*,,,,,,,,,,,,,
,**,,**,,,**#(.p.#,,,**,**,,**,**
**,,**,,***,#...(#,*,**,**,,**,**
,,,**,,**,,,#...@#,,,,,,,,,,**,**
,***,,**,,,,#.)..#,*,**,**,,*,,,*
**,,,**,,*,,#..GC#.C.**,**,,*,,,*
*,,***,,**,,#..4.#.#.#*,**,,*,,,*
,,**,,,**,,*#....#....,.,...*#.#*
,**,,***,,**#....#.#D##.##..##.##
**,,**,,,*###....#...##.##..##.##
,,,**,,*##..#...C#.#.............
,***,,**....#..)(#...##.##..##.##


You could see a titan, a vault guard, a great orb of eyes, an ettin and a
friendly sixfirhy.

Vanquished Creatures
  Boris (Vaults:4)
  Sojobo (Vaults:2)
  Jory (Vaults:2)
  Xtahua (Vaults:3)
  Frederick (Vaults:3)
  Arachne (Spider:4)
  A tentacled monstrosity (Vaults:2)
  A titan (Vaults:5)
  A storm dragon (Vaults:5)
  Agnes (Vaults:2)
  7 tengu reavers
  Ilsuiw (Shoals:5)
  4 ghost moths (Spider:5)
  12 vault wardens
  Donald (Spider:5)
  A fire giant (Vaults:4)
  Maud (Spider:1)
  3 frost giants
  2 orc warlords
  4 deep elf sorcerers
  7 emperor scorpions
  2 very ugly things
  2 rakshasas (Vaults:1)
  A deep elf demonologist (Vaults:1)
  7 stone giants
  2 deep elf annihilators
  Snorg (Lair:5)
  8 merfolk javelineers
  4 deep elf death magi
  4 ettins
  14 merfolk impalers
  A deep elf high priest (Vaults:5)
  Josephine (D:14)
  5 fire dragons
  9 ironheart preservers
  9 yaktaur captains
  14 vault guards
  2 great orbs of eyes
  10 centaur warriors
  Nessos (Spider:1)
  The ghost of vogonpoet the Grappler, an experienced TrAM of Okawaru (Bailey)
  A ravenous item mimic (Spider:4)
  7 hydras
  4 sirens
  A deep troll earth mage (Vaults:1)
  3 merfolk aquamancers
  2 alligator snapping turtles (Shoals:5)
  5 satyrs
  9 ogre magi
  3 deep troll shamans (Vaults:1)
  8 death yaks
  2 orc high priests (Orc:4)
  The ghost of Johnny the Hoplite, an experienced FoFi (D:14)
  Urug (Orc:2)
  A tengu warrior (D:14)
  2 soul eaters
  Nergalle (D:14)
  A shadow wraith (Vaults:4)
  2 deep elf knights
  2 catoblepae
  3 wizards
  An ice devil (D:14)
  2 fire crabs
  A skeletal warrior (Vaults:2)
  A flayed ghost (Vaults:4)
  5 unseen horrors
  6 deep trolls
  2 giant orange brains (Vaults:1)
  19 orb spiders
  13 sea snakes
  An ice statue (IceCv)
  7 harpies
  6 hill giants
  A phantasmal warrior (Vaults:2)
  16 ironbrand convokers
  4 sixfirhies
  A deep elf conjurer (D:15)
  A sphinx skeleton (Vaults:4)
  3 necromancers
  19 orc knights
  15 griffons
  24 ugly things
  8 cyclopes
  2 moths of wrath
  14 manticores
  24 wolf spiders
  9 water nymphs
  A centaur zombie (D:14)
  9 red wasps
  6 orc sorcerers
  A guardian serpent (shapeshifter) (Vaults:3)
  Maurice (D:9)
  3 black mambas
  10 vault sentinels
  12 mermaids
  2 gargoyles (D:14)
  19 fauns
  4 torpor snails
  8 komodo dragons
  A queen ant (Spider:2)
  2 centaur skeletons (D:15)
  Psyche (D:8)
  An efreet (D:13)
  2 naga magi (D:15)
  13 spiny frogs
  53 yaktaurs
  5 kobold demonologists
  A yaktaur (shapeshifter) (Vaults:4)
  4 trolls
  12 demonic crawlers
  2 fire drakes (Lair:4)
  A red devil (D:15)
  A hydra zombie (D:14)
  A wind drake (shapeshifter) (Vaults:3)
  7 freezing wraiths
  A minotaur zombie (Lab)
  4 deep elf priests
  A tengu simulacrum (Vaults:4)
  A queen bee (Lair:1)
  25 jumping spiders
  44 merfolk
  13 polar bears
  A giant leech (Lair:8)
  8 boulder beetles
  Prince Ribbit (D:4)
  A raiju (shapeshifter) (Vaults:2)
  8 two-headed ogres
  31 blink frogs
  14 slime creatures
  A trapdoor spider zombie (D:12)
  A blink frog (shapeshifter) (Vaults:5)
  2 wind drakes
  An ice dragon zombie (D:14)
  2 griffon zombies
  2 human simulacra
  13 snapping turtles
  2 human zombies (Vaults:1)
  27 trapdoor spiders
  28 tarantellas
  An ettin zombie (Vaults:4)
  A spectral orc (D:14)
  A frost giant simulacrum (Vaults:1)
  9 basilisks
  8 water elementals
  4 air elementals (Vaults:2)
  3 deep elf magi
  A baby alligator (shapeshifter) (D:13)
  2 wyverns
  2 wraiths (D:13)
  32 redbacks
  2 yaks (shapeshifter) (Vaults:4)
  A hill giant zombie (D:11)
  6 shadows
  A flying skull (Vaults:2)
  19 humans (D:14)
  57 yaks
  17 hippogriffs
  Eustachio (D:4)
  An elf zombie (Vaults:4)
  6 hungry ghosts
  8 deep elf fighters
  3 mottled dragons
  2 steam dragons
  3 hill giant skeletons
  26 vampire mosquitoes
  Edmund (D:7)
  25 soldier ants
  21 wolves
  4 wargs
  49 orc warriors
  15 water moccasins
  4 black bears
  14 spiders
  10 porcupines
  3 phantoms
  49 ogres
  A necrophage (D:9)
  4 sky beasts
  2 manticore zombies
  6 ice beasts
  A boring beetle (shapeshifter) (D:14)
  4 boring beetles
  2 yellow wasps (D:13)
  13 crocodiles
  13 centaurs
  A crocodile (shapeshifter) (Vaults:5)
  Duvessa (D:4)
  6 big kobolds
  30 giant frogs
  A wyvern zombie (D:14)
  4 yaktaur skeletons
  A human skeleton (Vaults:1)
  A yak zombie (D:7)
  A cyclops skeleton (D:14)
  5 wights
  11 scorpions
  An eye of draining (D:13)
  30 killer bees
  5 electric eels
  A hippogriff skeleton (D:9)
  A giant frog zombie (D:12)
  4 crimson imps
  2 goliath beetles
  4 jellies
  37 orc priests
  A gnoll shaman (D:8)
  13 hounds
  A two-headed ogre zombie (D:12)
  An elf skeleton (D:12)
  11 iguanas
  20 orc wizards
  7 sheep
  A black bear skeleton (D:7)
  39 worker ants
  An ogre zombie (Orc:4)
  A big kobold skeleton (D:10)
  A hound skeleton (D:4)
  A worker ant zombie (D:6)
  19 adders
  16 gnolls
  55 green rats
  2 shadow imps
  A white imp (D:5)
  A gnoll skeleton (D:9)
  4 worms
  An adder skeleton (D:6)
  5 giant geckos
  2 oozes (D:1)
  200 orcs
  18 bats
  4 giant cockroaches
  24 hobgoblins
  7 jackals
  26 kobolds
  11 quokkas
  8 giant newts
  4 giant spores
  23 goblins
  A goblin skeleton (D:5)
  A hobgoblin skeleton (D:4)
  A hobgoblin zombie (Orc:4)
  3 orc skeletons
  7 orc zombies
  26 rats
  10 ballistomycetes
  5 butterflies (Vaults:5)
  A fungus (Lair:7)
  4 plants
2023 creatures vanquished.

Vanquished Creatures (collateral kills)
  A golden dragon (Vaults:5)
  A tentacled monstrosity (Vaults:5)
  A storm dragon (Vaults:5)
  2 fire giants (Vaults:5)
  2 vault wardens (Vaults:5)
  Louise (Spider:2)
  A rakshasa (Vaults:1)
  A deep elf annihilator (Vaults:1)
  An ettin (Vaults:5)
  A merfolk impaler (Shoals:4)
  4 vault guards
  A minotaur (Lab)
  An ironheart preserver (Vaults:1)
  Fannar (Lair:5)
  2 hydras
  4 centaur warriors
  2 death yaks (Lair:8)
  3 orc high priests (Orc:4)
  The ghost of salade2fruit the Cleaver, an experienced OpGl of Dithmenos (D:9)
  A deep elf knight (Vaults:3)
  A skeletal warrior (D:13)
  A deep troll (Vaults:1)
  2 ironbrand convokers
  A hill giant (D:10)
  A harpy (shapeshifter) (Vaults:3)
  Pikel (D:7)
  An orb spider (Spider:5)
  2 griffons
  2 orc knights
  2 harpies (Shoals:2)
  5 ugly things
  2 wolf spiders
  A cyclops (D:14)
  A faun (Shoals:5)
  A moth of wrath (Spider:5)
  A centaur zombie (D:14)
  A red wasp (D:14)
  A spiny frog (Lair:3)
  A black mamba (D:10)
  A torpor snail (Lair:5)
  A komodo dragon (Lair:5)
  A fire drake (Lair:8)
  3 yaktaurs
  A deep elf priest (Vaults:5)
  4 demonic crawlers
  A jumping spider (Spider:3)
  7 merfolk
  A polar bear (IceCv)
  A two-headed ogre (Vaults:2)
  2 blink frogs
  A trapdoor spider zombie (D:14)
  3 slime creatures
  A basilisk (Lab)
  10 yaks
  A trapdoor spider (Spider:4)
  3 redbacks
  2 tarantellas
  A vampire mosquito (Vaults:1)
  An air elemental (Vaults:2)
  3 wolves (IceCv)
  Menkaure (D:7)
  A water moccasin (D:6)
  3 ice beasts
  3 spiders (Spider:2)
  An orc zombie (D:14)
  3 orc warriors (Orc:4)
  An ogre (D:7)
  4 centaurs
  A giant frog (Lair:8)
  Blork the orc (D:8)
  A scorpion (D:7)
  5 killer bees (Lair:1)
  A crimson imp (D:14)
  2 orc priests
  2 hounds
  A worker ant (D:7)
  An adder (D:3)
  A gnoll (D:8)
  2 green rats (Lair:5)
  8 orcs
  A bat (D:4)
  A quokka (Lair:5)
  A goblin (Orc:4)
  A butterfly (Lair:7)
156 creatures vanquished.

Vanquished Creatures (others)
  A tengu reaver (Vaults:5)
  An ironheart preserver (Vaults:5)
  17 soul eaters
  20 sun demons
  14 ice devils
  An orb spider (Spider:2)
  3 drowned souls
  31 sixfirhies
  30 smoke demons
  2 yaktaurs (Vaults:5)
  2 trolls (D:13)
  A yak (IceCv)
  A wyvern (D:13)
  3 slaves (D:7)
  2 lost souls (Vaults:2)
  A wight (D:7)
  15 crimson imps
  3 killer bees
  An iron imp (Lair:4)
  An orc wizard (D:7)
  5 shadow imps
  6 white imps
  2 orcs (D:7)
  4 giant spores
  5 ballistomycetes
  109 butterflies
  7 fungi
  6 plants
294 creatures vanquished.

Grand Total: 2473 creatures vanquished

Notes
Turn   | Place    | Note
--------------------------------------------------------------
     0 | D:1      | Gorice, the Demonspawn Wanderer, began the quest for the Orb.
     0 | D:1      | Reached XP level 1. HP: 13/13 MP: 4/4
     2 | D:1      | Learned a level 1 spell: Magic Dart
    41 | D:1      | Reached skill level 1 in Conjurations
   181 | D:1      | Gained mutation: You are partially covered in molten scales (AC +1). [demonic ancestry]
   181 | D:1      | Reached XP level 2. HP: 19/19 MP: 1/6
   596 | D:1      | Gained mutation: You can steal the life force of nearby defeated enemies. [demonic ancestry]
   596 | D:1      | Reached XP level 3. HP: 24/24 MP: 7/7
   953 | D:1      | Learned a level 2 spell: Call Imp
  1090 | D:2      | Found a shimmering altar of Xom.
  1317 | D:2      | Gained mutation: A weak demonic guardian rushes to your aid. [demonic ancestry]
  1317 | D:2      | Reached XP level 4. HP: 27/30 MP: 5/9
  1409 | D:2      | Found a glowing golden altar of the Shining One.
  1469 | D:2      | Reached skill level 4 in Conjurations
  1635 | D:2      | Found a glowing silver altar of Zin.
  1903 | D:2      | Found a burning altar of Makhleb.
  2077 | D:2      | Learned a level 3 spell: Conjure Flame
  2111 | D:3      | Gained mutation: A demonic guardian rushes to your aid. [demonic ancestry]
  2111 | D:3      | Reached XP level 5. HP: 35/35 MP: 0/11
  2466 | D:3      | Reached skill level 5 in Conjurations
  3081 | D:3      | Reached skill level 1 in Fire Magic
  3166 | D:3      | Gained mutation: You are mostly covered in molten scales (AC +3, EV -1). [demonic ancestry]
  3166 | D:3      | Reached XP level 6. HP: 41/41 MP: 9/13
  3950 | D:4      | Noticed Prince Ribbit
  3957 | D:4      | Killed Prince Ribbit
  3957 | D:4      | Gained mutation: You have sharp fingernails. [demonic ancestry]
  3957 | D:4      | Reached XP level 7. HP: 31/46 MP: 7/17
  4273 | D:4      | Noticed Duvessa
  4273 | D:4      | Noticed Dowan
  4274 | D:4      | Noticed Eustachio
  4284 | D:4      | Killed Eustachio
  4287 | D:4      | Killed Duvessa
  4946 | D:5      | Entered Level 5 of the Dungeon
  5074 | D:5      | Reached skill level 5 in Fire Magic
  5137 | D:4      | Reached skill level 5 in Spellcasting
  5356 | D:5      | Reached skill level 1 in Summonings
  5356 | D:5      | Reached XP level 8. HP: 40/52 MP: 4/20
  6399 | D:5      | Found Brusoig's Assorted Antiques.
  6409 | D:5      | Bought a glowing robe for 16 gold pieces
  6409 | D:5      | Bought a jewelled fluorescent wand for 92 gold pieces
  6490 | D:5      | Reached skill level 6 in Conjurations
  6586 | D:5      | Found a staircase to the Ecumenical Temple.
  6596 | Temple   | Entered the Ecumenical Temple
  6657 | Temple   | Became a worshipper of Sif Muna the Loreminder
  6873 | D:7      | Noticed Edmund
  6906 | D:7      | Killed Edmund
  7023 | D:7      | Found a white marble altar of Elyvilon.
  7065 | D:7      | Noticed Pikel
  7070 | D:7      | Killed Pikel
  7070 | D:7      | Acquired Sif Muna's first power
  7070 | D:7      | Reached skill level 7 in Conjurations
  7081 | D:7      | Noticed Menkaure
  7086 | D:7      | Reached skill level 5 in Summonings
  7106 | D:7      | Killed Menkaure
  7106 | D:7      | Gained mutation: You can steal the life force of defeated enemies. [demonic ancestry]
  7106 | D:7      | Reached XP level 9. HP: 23/57 MP: 11/21
  7836 | D:8      | Noticed Blork the orc
  7860 | D:8      | Killed Blork the orc
  8095 | D:8      | Acquired Sif Muna's second power
  8140 | D:8      | Reached skill level 8 in Conjurations
  8144 | D:8      | Learned a level 2 spell: Repel Missiles
  8430 | D:8      | Reached skill level 1 in Air Magic
  8751 | D:8      | Noticed Psyche
  8779 | D:8      | Killed Psyche
  9211 | D:8      | Reached skill level 9 in Conjurations
  9519 | D:8      | Reached skill level 5 in Air Magic
  9519 | D:8      | Reached XP level 10. HP: 63/63 MP: 8/22
  9913 | Temple   | Identified a scroll of acquirement
 10378 | D:9      | Got an encrusted leather armour
 10392 | D:9      | Identified the +2 leather armour of Gaiz {+Rage} (You found it on level 9 of the Dungeon)
 10700 | D:9      | Noticed Maurice
 10721 | D:9      | Killed Maurice
 10721 | D:9      | Acquired Sif Muna's third power
 11131 | D:9      | Noticed salade2fruit's ghost (experienced OpGl)
 11134 | D:9      | Killed salade2fruit's ghost
 11284 | D:9      | Reached skill level 10 in Conjurations
 11360 | D:10     | Entered Level 10 of the Dungeon
 11477 | D:10     | Noticed a hill giant
 11489 | D:10     | Killed a hill giant
 11599 | D:10     | Got a bronze leather armour
 11624 | D:10     | Identified the cursed -4 leather armour of the Monkey's Uncle {Slay+3 SInv} (You found it on level 10 of the Dungeon)
 11943 | D:10     | Found a staircase to the Lair.
 12279 | D:10     | Reached skill level 1 in Invocations
 12917 | Lair:1   | Entered Level 1 of the Lair of Beasts
 13147 | Lair:1   | Reached XP level 11. HP: 55/68 MP: 19/25
 13556 | Lair:1   | Upgraded the game from 0.15.0-16-gce31824 to 0.15.0-18-g9076a4f
 14353 | Lair:1   | You fall through a shaft!
 14903 | Lair:2   | Reached skill level 5 in Invocations
 15259 | Lair:2   | Reached skill level 11 in Conjurations
 15986 | D:5      | Learned a level 3 spell: Mephitic Cloud
 16289 | D:10     | Noticed a black mamba
 16292 | D:10     | Killed a black mamba
 16475 | Lair:1   | Learned a level 2 spell: Blink
 16544 | Lair:3   | Reached skill level 1 in Translocations
 16817 | Lair:3   | Found a labyrinth entrance.
 16839 | Lab      | Entered a labyrinth
 18009 | Lab      | Received a gift from Sif Muna
 18165 | Lab      | Got a citrine-encrusted ring mail
 18184 | Lab      | Identified the +2 ring mail "Luxtiubb" {rElec rPois rN+} (You found it in a labyrinth)
 18266 | Lab      | Noticed a minotaur
 18271 | Lab      | Killed a minotaur
 18314 | Lab      | Got a faintly glowing great sword
 18314 | Lab      | Got a dull robe
 18325 | Lab      | Identified the +3 robe of Dishonesty {rC+} (You found it in a labyrinth)
 18676 | Lair:1   | Identified the +3 great sword of the Vendetta {slice, rN+} (You found it in a labyrinth)
 18704 | Lair:1   | Learned a level 1 spell: Summon Butterflies
 18706 | Lair:1   | Learned a level 1 spell: Apportation
 19013 | Lair:3   | Reached XP level 12. HP: 74/74 MP: 16/29
 19815 | Lair:4   | Reached skill level 5 in Translocations
 19890 | Lair:4   | Reached skill level 1 in Fighting
 19960 | Lair:4   | Noticed a six-headed hydra
 20038 | Lair:4   | Killed a six-headed hydra
 20038 | Lair:4   | Reached skill level 1 in Shields
 20124 | Lair:4   | Noticed a six-headed hydra
 20141 | Lair:4   | Killed a six-headed hydra
 20227 | Lair:4   | Found a staircase to the Shoals.
 20416 | Lair:4   | Noticed a six-headed hydra
 20422 | Lair:4   | Killed a six-headed hydra
 20653 | Lair:5   | Noticed Snorg
 20671 | Lair:5   | Killed Snorg
 20855 | Lair:5   | Noticed Fannar
 20901 | Lair:5   | Killed Fannar
 21252 | Lair:5   | Found a hole to the Spider Nest.
 21389 | Lair:5   | Reached skill level 5 in Fighting
 22462 | Lair:6   | Reached skill level 5 in Shields
 22893 | Lair:6   | Found a blossoming altar of Fedhas.
 23144 | Lair:7   | Reached skill level 1 in Dodging
 23269 | Lair:7   | Gained mutation: You can steal the life force of all defeated enemies in sight. [demonic ancestry]
 23269 | Lair:7   | Reached XP level 13. HP: 86/93 MP: 30/30
 23521 | Lair:7   | Noticed a five-headed hydra
 23529 | Lair:7   | Killed a five-headed hydra
 23690 | Lair:7   | Noticed a four-headed hydra
 23734 | Lair:7   | Killed a four-headed hydra
 24437 | Lair:8   | Entered Level 8 of the Lair of Beasts
 24625 | Lair:8   | Found a frozen archway.
 24694 | IceCv    | Entered an ice cave
 24705 | IceCv    | Received a gift from Sif Muna
 24707 | IceCv    | Identified Sif Muna's Tome of Conjuration (Sif Muna gifted it to you in an ice cave)
 24713 | IceCv    | Learned a level 4 spell: Sticky Flame
 25039 | IceCv    | Learned a level 3 spell: Stone Arrow
 25386 | IceCv    | Reached skill level 12 in Conjurations
 25552 | IceCv    | Noticed a frost giant
 26222 | IceCv    | Killed a frost giant
 27154 | Lair:8   | Reached XP level 14. HP: 98/104 MP: 21/31
 27217 | Lair:8   | Reached skill level 5 in Dodging
 27521 | Lair:8   | Found a viscous altar of Jiyva.
 27522 | Lair:8   | Found a staircase to the Slime Pits.
 28123 | Lair:8   | Received a gift from Sif Muna
 28124 | Lair:8   | Identified Sif Muna's Incunabulum of the Shifting Volcanoes (Sif Muna gifted it to you on level 8 of the Lair of Beasts)
 28787 | D:11     | Found a staircase to the Orcish Mines.
 29077 | D:11     | Found Kuwomn's Book Shoppe.
 30010 | Orc:1    | Entered Level 1 of the Orcish Mines
 30135 | Orc:2    | Found Trefamn's Armour Emporium.
 30160 | Orc:2    | Noticed Urug
 30184 | Orc:2    | Killed Urug
 30534 | Orc:2    | Paralysed by an orc sorcerer for 4 turns
 30761 | Orc:2    | Found a roughly hewn altar of Beogh.
 31404 | D:12     | Found a corrupted altar of Lugonu.
 32442 | D:13     | Found a glowing golden altar of the Shining One.
 32684 | D:13     | Reached skill level 10 in Fire Magic
 32689 | D:13     | Reached skill level 13 in Conjurations
 32816 | D:13     | Found a flagged portal.
 32857 | Bailey   | Entered a bailey
 32918 | Bailey   | Noticed vogonpoet's ghost (experienced TrAM)
 32947 | Bailey   | Killed vogonpoet's ghost
 33425 | D:10     | Gained mutation: You have very sharp fingernails. [demonic ancestry]
 33425 | D:10     | Reached XP level 15. HP: 107/113 MP: 17/32
 33555 | Lair:1   | Learned a level 6 spell: Bolt of Fire
 35093 | D:14     | Noticed Josephine
 35118 | D:14     | Killed Josephine
 35118 | D:14     | Received a gift from Sif Muna
 35119 | D:14     | Identified Sif Muna's Tome of Arcane Weapons (Sif Muna gifted it to you on level 14 of the Dungeon)
 36307 | D:14     | Reached skill level 10 in Fighting
 36338 | D:14     | Noticed Johnny's ghost (experienced FoFi)
 36350 | D:14     | Killed Johnny's ghost
 36605 | D:14     | Noticed Nergalle
 36651 | D:14     | Killed Nergalle
 36810 | D:14     | Reached skill level 10 in Spellcasting
 36959 | D:14     | Found a gate to the Vaults.
 37848 | Orc:3    | Found Plog's Distillery.
 37989 | Orc:3    | Bought a potion of heal wounds for 36 gold pieces
 38394 | Orc:4    | Entered Level 4 of the Orcish Mines
 38729 | Orc:4    | Paralysed by an orc sorcerer for 4 turns
 39053 | Orc:4    | Found a staircase to the Elven Halls.
 39716 | Orc:4    | Received a gift from Sif Muna
 39717 | Orc:4    | Identified Sif Muna's Tome of Fire (Sif Muna gifted it to you on level 4 of the Orcish Mines)
 40079 | Orc:4    | Reached skill level 14 in Conjurations
 40079 | Orc:4    | Reached XP level 16. HP: 100/122 MP: 22/33
 40136 | Orc:4    | Found Crequeps' Antique Weapon Emporium.
 40136 | Orc:4    | Found Musaucau's Book Shoppe.
 40136 | Orc:4    | Found Sithraf's Antique Weapon Emporium.
 40136 | Orc:4    | Found Bracveep's Book Emporium.
 40153 | Orc:4    | Bought an ancient cutlass for 288 gold pieces
 40154 | Orc:4    | Identified the +9 cutlass "Zooguequ" {slice, rC+} (You bought it in a shop on level 4 of the Orcish Mines)
 40234 | Orc:3    | Bought a potion of heal wounds for 36 gold pieces
 40494 | D:15     | Entered Level 15 of the Dungeon
 40846 | D:15     | Upgraded the game from 0.15.0-18-g9076a4f to 0.15.0-23-gc2b521c
 41033 | D:15     | Found a staircase to the Depths.
 41540 | D:15     | Found a sparkling altar of Nemelex Xobeh.
 42368 | Spider:1 | Entered Level 1 of the Spider Nest
 42368 | Spider:1 | Noticed Maud
 42375 | Spider:1 | Noticed Nessos
 42378 | Spider:1 | Killed Maud
 42398 | Spider:1 | Killed Nessos
 42568 | Spider:1 | Noticed Nikola
 43576 | Spider:2 | Noticed Louise
 43589 | Spider:2 | Killed Louise
 44277 | Spider:2 | Received a gift from Sif Muna
 45727 | Spider:3 | Got a twisted mace
 46006 | Spider:4 | Noticed Arachne
 46015 | Spider:4 | Killed Arachne
 46040 | Spider:4 | Got a bloodstained leather armour
 46080 | Spider:3 | Identified the cursed -3 leather armour of the Gardener {Str+2 Dex+3} (You found it on level 4 of the Spider Nest)
 46084 | Spider:3 | Identified the +7 mace "Grovimax" {venom, Str+1 Dex+3 SInv} (You found it on level 3 of the Spider Nest)
 46470 | Spider:4 | Reached skill level 10 in Dodging
 46470 | Spider:4 | Gained mutation: Your magical and physical power is slightly enhanced at high health. [demonic ancestry]
 46470 | Spider:4 | Reached XP level 17. HP: 101/128 MP: 20/35
 46697 | Spider:4 | Got a transparent whip
 47042 | Lair:5   | Identified the +2 whip of Ashenzari's Envy {elec, +Inv rN+ Str+4} (You found it on level 4 of the Spider Nest)
 47127 | Spider:5 | Entered Level 5 of the Spider Nest
 47198 | Spider:5 | Got a pair of fine boots
 47209 | Spider:5 | Identified the cursed -5 pair of boots of the Bard {Stlth+ Curse} (You found it on level 5 of the Spider Nest)
 47390 | Spider:5 | Noticed Donald
 48252 | Spider:5 | Killed Donald
 48576 | Spider:5 | Reached skill level 15 in Conjurations
 48646 | Spider:5 | Reached skill level 5 in Stealth
 49186 | Spider:5 | Upgraded the game from 0.15.0-23-gc2b521c to 0.15.0-25-gd84c1e8
 49304 | Spider:5 | Received a gift from Sif Muna
 49515 | Spider:5 | Reached skill level 1 in Charms
 49717 | Spider:5 | Got a gossamer rune of Zot
 50622 | Vaults:1 | Entered Level 1 of the Vaults
 50810 | Vaults:1 | Noticed a Hell Sentinel
 51299 | Vaults:1 | Reached XP level 18. HP: 134/134 MP: 27/37
 51439 | Vaults:1 | Received a gift from Sif Muna
 52206 | Vaults:1 | Reached skill level 5 in Charms
 53472 | Vaults:2 | Noticed Jory
 53483 | Vaults:2 | Killed Jory
 53818 | Vaults:2 | Noticed Sojobo
 53830 | Vaults:2 | Received a gift from Sif Muna
 53835 | Vaults:2 | Noticed Agnes
 54307 | Lair:1   | Learned a level 6 spell: Haste
 54442 | Shoals:1 | Entered Level 1 of the Shoals
 54491 | Shoals:1 | Upgraded the game from 0.15.0-25-gd84c1e8 to 0.15.0-27-gbdb0435
 54831 | D:11     | Bought a book of Dreams for 1125 gold pieces
 54836 | D:11     | Learned a level 3 spell: Flight
 55919 | Shoals:2 | Found a flickering gateway to a bazaar.
 55982 | Bazaar   | Entered a bazaar
 55982 | Bazaar   | Found Ighoac's Food Emporium.
 55982 | Bazaar   | Found Hyvoulu's Antique Weapon Shoppe.
 55982 | Bazaar   | Found Sokak's Antique Armour Shoppe.
 55982 | Bazaar   | Found Maul's Antique Armour Emporium.
 55983 | Bazaar   | Found Baybuovy's Book Shoppe.
 56006 | Bazaar   | Bought a heavily runed hat for 180 gold pieces
 56017 | Bazaar   | Identified the cursed +2 hat "Fra Klim" {rC++} (You bought it in a shop in a bazaar)
 56017 | Bazaar   | Bought a pair of embroidered boots for 90 gold pieces
 56044 | Bazaar   | Bought a pair of warped boots for 266 gold pieces
 56055 | Bazaar   | Identified the cursed -4 pair of boots of Proximity {+Rage Stlth+} (You bought it in a shop in a bazaar)
 56634 | Shoals:3 | Gained mutation: You have claws for hands. [demonic ancestry]
 56634 | Shoals:3 | Reached XP level 19. HP: 57/140 MP: 7/39
 56637 | Shoals:3 | Reached skill level 15 in Spellcasting
 57566 | Shoals:4 | Got a heavily jewelled robe
 57579 | Shoals:3 | Identified the +2 robe of the Ditch-Digger {Str-4 Int-2} (You found it on level 4 of the Shoals)
 58205 | Shoals:4 | Identified the Grimoire of Clay (You found it on level 4 of the Shoals)
 58291 | Shoals:4 | Received a gift from Sif Muna
 58673 | Shoals:5 | Entered Level 5 of the Shoals
 59609 | Shoals:5 | Got a barnacled rune of Zot
 59849 | Shoals:5 | Identified Kisih's Disquisition on Boosts and the Birds
 59855 | Shoals:5 | Learned a level 4 spell: Control Teleport
 60145 | Shoals:5 | Found Bocwiq's Jewellery Boutique.
 60181 | Shoals:5 | Bought the ring of Wahypuyb {+Fly rElec} for 441 gold pieces
 60260 | Shoals:5 | Got a crude mottled dragon armour
 60298 | Shoals:4 | Identified the +0 mottled dragon armour of the Blind Marksman {+Blink +Inv MR++ Curse} (You took it off a merfolk on level 5 of the Shoals)
 60335 | Shoals:5 | Noticed Ilsuiw
 60352 | Shoals:5 | Killed Ilsuiw
 60731 | Shoals:5 | Reached skill level 16 in Spellcasting
 61269 | Lair:1   | Upgraded the game from 0.15.0-27-gbdb0435 to 0.15.0-29-ga8e3430
 61300 | D:11     | Bought a book of Power for 675 gold pieces
 61309 | D:11     | Learned a level 7 spell: Orb of Destruction
 61760 | Vaults:2 | Killed Agnes
 61818 | Vaults:2 | Identified Sif Muna's Reference Book on Self-Knowledge (Sif Muna gifted it to you on level 2 of the Vaults)
 62359 | Vaults:2 | Reached skill level 10 in Charms
 62435 | Vaults:2 | Killed Sojobo
 62435 | Vaults:2 | Gained mutation: You are completely covered in molten scales (AC +4, EV -1, rF+). [demonic ancestry]
 62435 | Vaults:2 | Reached XP level 20. HP: 114/147 MP: 1/40
 62685 | Vaults:2 | Found a staircase to the Crypt.
 62710 | Vaults:2 | Received a gift from Sif Muna
 63791 | Vaults:3 | Noticed Frederick
 63877 | Vaults:3 | Killed Frederick
 65240 | Vaults:3 | Upgraded the game from 0.15.0-29-ga8e3430 to 0.15.0-31-geb66e34
 65395 | Vaults:3 | Noticed Xtahua
 65421 | Vaults:3 | Killed Xtahua
 65803 | Vaults:3 | Found Guemnuse's Magic Scroll Emporium.
 66042 | Vaults:4 | Noticed Boris
 66061 | Vaults:4 | Killed Boris
 66061 | Vaults:4 | Reached skill level 17 in Spellcasting
 66062 | Vaults:4 | I think so Bozza!
 66122 | Vaults:4 | Found Eddum's Assorted Antiques.
 66131 | Vaults:4 | Bought a potion of haste for 168 gold pieces
 66179 | Vaults:4 | Found Viasiabeti's Antique Armour Boutique.
 66318 | Vaults:4 | Paralysed by an ogre mage for 2 turns
 66642 | Vaults:4 | Received a gift from Sif Muna
 66648 | Vaults:4 | Learned a level 3 spell: Abjuration
 67012 | Vaults:4 | Reached skill level 15 in Dodging
 67541 | Vaults:4 | Reached XP level 21. HP: 72/153 MP: 28/41
 69098 | Vaults:4 | Bought a shiny buckler for 117 gold pieces
 69130 | Vaults:4 | Bought a scroll of magic mapping for 84 gold pieces
 69157 | Vaults:5 | Entered Level 5 of the Vaults
 69250 | Vaults:5 | Reached skill level 1 in Armour
 69411 | Vaults:5 | Reached skill level 10 in Invocations
 69770 | Vaults:5 | Got a shimmering granite ring
 69876 | Vaults:5 | HP: 3/153 [battlesphere[a tengu reaver] (19)]
 69942 | Vaults:5 | HP: 4/153 [great orb of eyes (13)]
 69946 | Vaults:5 | Killed from afar by a titan

Action                   |  1- 3 |  4- 6 |  7- 9 | 10-12 | 13-15 | 16-18 | 19-21 || total
-------------------------+-------+-------+-------+-------+-------+-------+-------++-------
Melee: Club              |    11 |       |       |       |       |       |       ||    11
       Short sword       |    34 |    53 |    79 |   419 |   983 |     5 |       ||  1573
       Cutlass           |       |       |       |       |       |   506 |     5 ||   511
       Mace              |       |       |       |       |       |   192 |   399 ||   591
 Fire: Hunting sling     |    60 |   155 |   172 |   272 |   381 |       |       ||  1040
       Blowgun           |       |       |       |    46 |       |       |       ||    46
Throw: Tomahawk          |       |     1 |     3 |     1 |       |       |       ||     5
       Javelin           |       |       |       |     2 |    19 |     1 |     3 ||    25
 Cast: Magic Dart        |    33 |    69 |   246 |   265 |    65 |    37 |    12 ||   727
       Conjure Flame     |       |    10 |    56 |   146 |   291 |   156 |   127 ||   786
       Call Imp          |       |     8 |    23 |    36 |     8 |       |       ||    75
       Beastly Appendage |       |     1 |       |       |       |       |       ||     1
       Repel Missiles    |       |       |       |     3 |     5 |     4 |    10 ||    22
       Blink             |       |       |       |     6 |    11 |    28 |    17 ||    62
       Mephitic Cloud    |       |       |       |     2 |    19 |     8 |       ||    29
       Sticky Flame      |       |       |       |       |   214 |   335 |   145 ||   694
       Stone Arrow       |       |       |       |       |   159 |   323 |    72 ||   554
       Apportation       |       |       |       |       |     5 |     9 |     4 ||    18
       Bolt of Fire      |       |       |       |       |       |   124 |   380 ||   504
       Summon Butterflie |       |       |       |       |       |     2 |    28 ||    30
       Flight            |       |       |       |       |       |     7 |    85 ||    92
       Haste             |       |       |       |       |       |       |     9 ||     9
       Orb of Destructio |       |       |       |       |       |       |    14 ||    14
       Control Teleport  |       |       |       |       |       |       |     2 ||     2
Invok: Channel Energy    |       |       |       |    10 |   431 |   993 |  1006 ||  2440
       Forget Spell      |       |       |       |       |     1 |       |       ||     1
Evoke: Wand              |       |       |     6 |    22 |    11 |     6 |     4 ||    49
  Use: Scroll            |     3 |     2 |    13 |    16 |    11 |     8 |     9 ||    62
       Potion            |       |       |     2 |     1 |     5 |    11 |    12 ||    31
 Stab: Sleeping          |       |     1 |       |    14 |     4 |     7 |       ||    26
       Distracted        |       |       |       |     1 |       |       |     1 ||     2
       Confused          |       |       |       |       |     3 |     4 |       ||     7
       Petrified         |       |       |       |       |     1 |       |       ||     1
  Eat: Chunk             |     2 |    10 |    21 |    40 |   138 |   239 |   267 ||   717
       Pizza             |       |       |       |     3 |       |       |     1 ||     4
       Bread ration      |       |       |       |     1 |       |       |       ||     1
       Beef jerky        |       |       |       |     1 |       |       |       ||     1
       Meat ration       |       |       |       |       |     1 |       |     1 ||     2
       Fruit             |       |       |       |       |     1 |       |     1 ||     2
